 Dungeon Crawl Stone Soup version 0.19.0-22-gd96e5fe (webtiles) character file.

228 vev the Chopper (level 5, -3/46 HPs)
             Began as a Minotaur Gladiator on Nov 19, 2016.
             Was an Initiate of Makhleb.
             Slain by an ogre
             ... wielding a +0 giant club
              (10 damage)
             ... on level 4 of the Dungeon.
             The game lasted 00:02:38 (3192 turns).

vev the Chopper (Minotaur Gladiator)                Turns: 3192, Time: 00:02:40

Health: -3/46      AC: 10    Str: 19    XL:     5   Next: 71%
Magic:  4/4        EV:  7    Int:  5    God:    Makhleb [......]
Gold:   109        SH:  0    Dex: 12    Spells: 0 memorised, 4 levels left

rFire  . . .     SeeInvis .     a - +0 war axe
rCold  . . .     Gourm    .     k - +0 plate armour
rNeg   . . .     Faith    .     (no shield)
rPois  .         Spirit   .     c - +0 hat
rElec  .         Reflect  .     (no cloak)
rCorr  .         Harm     .     (no gloves)
MR     .....                    (no boots)
Stlth  ..........               (no amulet)
                                (no ring)
                                (no ring)

@: lethally poisoned (-3 -> -4)
A: retaliatory headbutt, horns 2
a: Renounce Religion


You were on level 4 of the Dungeon.
You worshipped Makhleb.
Makhleb was noncommittal.
You were not hungry.

You visited 1 branch of the dungeon, and saw 4 of its levels.

You collected 109 gold pieces.

Inventory:

Hand Weapons
 a - a +0 war axe (weapon)
Missiles
 d - 3 throwing nets (quivered)
Armour
 b - a +0 leather armour
 c - a +0 hat (worn)
 k - a +0 plate armour (worn)
Jewellery
 m - an uncursed ring of resist corrosion {unknown}
 r - a +5 ring of slaying {unknown}
Scrolls
 e - 2 scrolls of noise {unknown}
 i - 2 scrolls of recharging {unknown}
 l - a scroll of amnesia {unknown}
 p - a scroll of remove curse {unknown}
 q - a scroll of random uselessness {unknown}
Potions
 h - 3 potions of heal wounds {unknown}
 j - 3 potions of curing {unknown}
 n - a potion of degeneration {unknown}
 o - a potion of invisibility {unknown}
 s - a potion of flight {unknown}
Comestibles
 f - 4 bread rations
 g - 3 meat rations
 t - a chunk of flesh


   Skills:
 + Level 3.9 Fighting
 * Level 5.9 Axes
 - Level 2.0 Throwing
 + Level 2.1 Armour
 + Level 4.2 Dodging


You had 4 spell levels left.
You didn't know any spells.

Dungeon Overview and Level Annotations

Branches:
Dungeon (4/15)
 Temple: D:4-7

Altars:
Cheibriados
Gozag
Makhleb
Sif Muna

Shops:
D:3 *


Innate Abilities, Weirdness & Mutations

You reflexively headbutt those who attack you in melee.
You have a pair of horns on your head.


Message History

You are too injured to fight recklessly!
You are too injured to fight recklessly!
You are too injured to fight recklessly!
You are too injured to fight recklessly!
You are too injured to fight recklessly!
You are too injured to fight recklessly!
You are too injured to fight recklessly!
Unknown command.
You hit the ogre.
The ogre is heavily wounded.
The ogre closely misses you.
Your plate armour prevents you from hitting the ogre.
Your headbutt misses the ogre.
The ogre is heavily wounded.
The ogre hits you with a giant club!
* * * LOW HITPOINT WARNING * * *
You hit the ogre.
The ogre is severely wounded.
You feel sick. The ogre hits you with a giant club!
You die...

.. ....
..#########....
...............
...............
..........>....
......)........
.......O.......
######+####@###
..............#
..............# ###
#............+
#....##............#
..............##...#
#.............##...#
#..................#
...................#


You could see an ogre.

Vanquished Creatures
  A bullfrog skeleton (D:4)
  A worker ant (D:4)
  8 gnolls
  4 adders
  An ooze (D:3)
  3 worms
  A dart slug (D:3)
  A leopard gecko (D:3)
  2 orcs (D:3)
  2 ball pythons
  11 bats
  4 goblins
  4 hobgoblins
  8 frilled lizards
  4 kobolds
  6 rats
61 creatures vanquished.

Notes
Turn   | Place    | Note
-------+----------+-------------------------------------------
     0 | D:1      | vev the Minotaur Gladiator began the quest for the Orb.
     0 | D:1      | Reached XP level 1. HP: 18/18 MP: 0/0
    86 | D:1      | Reached skill level 4 in Axes
   466 | D:1      | Reached XP level 2. HP: 25/25 MP: 1/1
   958 | D:2      | Reached XP level 3. HP: 26/30 MP: 2/2
  1057 | D:2      | Reached skill level 3 in Fighting
  1057 | D:2      | Reached skill level 5 in Axes
  1057 | D:2      | Reached skill level 1 in Armour
  1060 | D:2      | Reached XP level 4. HP: 18/38 MP: 3/3
  2056 | D:3      | Found an opulent altar of Gozag.
  2091 | D:3      | Reached skill level 4 in Dodging
  2147 | D:3      | Found a burning altar of Makhleb.
  2155 | D:3      | Became a worshipper of Makhleb the Destroyer
  2301 | D:3      | Found a deep blue altar of Sif Muna.
  2379 | D:3      | Found Gozag's Platinum Reserve.
  2446 | D:3      | Found a snail-covered altar of Cheibriados.
  2634 | D:3      | Reached XP level 5. HP: 35/45 MP: 4/4
  3139 | D:4      | Reached skill level 2 in Armour
  3182 | D:4      | Noticed an ogre
  3192 | D:4      | Slain by an ogre

Skill      XL: |  1  2  3  4  5 |
---------------+----------------+-----
Axes           | 4 5 |  5.9
Fighting       | 3 |  3.9
Armour         | 1 2 |  2.1
Dodging        | 4 |  4.2
Throwing       | |  2.0

Action                   |  1- 3 |  4- 6 || total
-------------------------+-------+-------++-------
Melee: War axe           |    61 |    80 ||   141
       Headbutt          |     9 |    11 ||    20
  Eat: Chunk             |       |     7 ||     7
Armor: Leather armour    |    11 |       ||    11
       Plate armour      |    23 |    44 ||    67
Dodge: Dodged            |    45 |    33 ||    78
